 Dungeon Crawl Stone Soup version 0.29-a0-542-g075992c915 (webtiles) character file.

Game seed: 4280740674950238100

1552 vineage the Fighter (level 8, 0/54 HPs)
             Began as a Gargoyle Fighter on June 3, 2022.
             Was a Believer of Okawaru.
             Slain by a wight
             ... wielding a +2 flail
              (14 damage)
             ... on level 6 of the Dungeon.
             The game lasted 00:06:09 (7457 turns).

vineage the Fighter (Gargoyle Fighter)              Turns: 7457, Time: 00:06:09

Health: 0/54       AC: 15    Str: 20    XL:     8   Next: 88%
Magic:  8/8        EV:  9    Int:  9    God:    Okawaru [**....]
Gold:   298        SH:  5    Dex: 11    Spells: 7/7 levels left

rFire   . . .      SeeInvis .   a - +0 flail
rCold   . . .      Faith    .   c - +0 buckler
rNeg    + . .      Spirit   .   b - +0 scale mail
rPois   ∞          Reflect  .   (no helmet)
rElec   +          Harm     .   (no cloak)
rCorr   .          Rampage  .   (no gloves)
Will    .....                   k - +1 pair of boots
Stlth   ..........              i - amulet of the acrobat
HPRegen 0.18/turn               (no ring)
MPRegen 0.11/turn               (no ring)

@: no status effects
A: sickness immunity, AC +5, negative energy resistance 1, electricity
resistance, torment resistance 1, petrification resistance
a: Renounce Religion, Heroism


You were on level 6 of the Dungeon.
You worshipped Okawaru.
Okawaru was pleased with you.
You visited 2 branches of the dungeon, and saw 8 of its levels.
You also visited: Ossuary.

You collected 298 gold pieces.

Inventory:

Hand Weapons
 a - a +0 flail (weapon)
Armour
 b - a +0 scale mail (worn)
 c - a +0 buckler (worn)
 k - a +1 pair of boots (worn)
Jewellery
 i - an amulet of the acrobat (around neck)
 j - an amulet of guardian spirit
 y - a ring of flight
 z - a ring of resist corrosion
Wands
 t - a wand of flame (22)
Scrolls
 f - 5 scrolls of fog
 m - a scroll of magic mapping
 n - 4 scrolls of teleportation
 u - 2 scrolls of fear
 w - 2 scrolls of enchant armour
 B - a scroll of poison
Potions
 d - 2 potions of might
 e - a potion of haste
 h - 3 potions of curing
 l - a potion of resistance
 o - a potion of heal wounds {unknown}
 p - 2 potions of lignification
 q - a potion of ambrosia {unknown}
 r - a potion of attraction {unknown}
 s - 2 potions of berserk rage
 v - 2 potions of invisibility
 x - a potion of degeneration {unknown}
 A - a potion of mutation {unknown}


   Skills:
 * Level 8.2 Fighting
 + Level 5.1 Maces & Flails
 + Level 6.2 Armour
 + Level 6.2 Shields


You had 7 spell levels left.
You didn't know any spells.
Your spell library was empty.

Dungeon Overview and Level Annotations

Branches:
Dungeon (7/15)             Temple (1/1) D:4         Ossuary (visited)

Altars:
Cheibriados
Elyvilon
Fedhas
Gozag
Hepliaklqana
Kikubaaqudgha
Makhleb
Nemelex Xobeh
Okawaru
Qazlal
Ru
Uskayaw
Vehumet
Wu Jian
Xom
Yredelemnul
Zin
The Shining One

Shops:
D:2 ?   D:6 =

Annotations:
D:7 Maggie


Innate Abilities, Weirdness & Mutations

You are immune to sickness and miasma.
Your stone body is resilient. (AC +5)
You are immune to poison.
You resist negative energy. (rN+)
You are resistant to electric shocks. (rElec)
You are resistant to unholy torment.
You are immune to petrification.


Message History

You are too injured to fight recklessly!
You are too injured to fight recklessly!
You are too injured to fight recklessly!
The wight attacks as you move away! The wight barely misses you.
The wight misses you. You block the wight's attack.
The wight attacks as you move away! The wight completely misses you.
The wight attacks as you move away! You block the wight's attack.
A shadow imp comes into view.
The shadow imp shouts, "Take thy face hence, thou yeasty tip-merry canker-blossom!"
You hear a shout!
There is a stone staircase leading up here.
The wight closely misses you.
You climb upwards.
There is a stone staircase leading down here.
You hit the wight but do no damage. The wight hits you with a +2 flail.
You barely miss the wight. The wight closely misses you.
You closely miss the wight. The wight hits you but does no damage.
You hit the wight.
The wight is moderately damaged.
The wight barely misses you. The wight hits you but does no damage.
You barely miss the wight.
The wight is moderately damaged.
You block the wight's attack.
You barely miss the wight.
The wight is moderately damaged.
You block the wight's attack.
You hit the wight but do no damage.
The wight is moderately damaged.
The wight hits you with a +2 flail!
You hit the wight but do no damage.
The wight is moderately damaged.
The wight hits you with a +2 flail!
* * * LOW HITPOINT WARNING * * *
You hit the wight but do no damage.
The wight is moderately damaged.
The wight closely misses you.
You hit the wight but do no damage.
The wight is moderately damaged.
The wight hits you but does no damage. The wight hits you with a +2 flail!
You die...

..# #.......########### ..#
##......# ..# ##.<...### ##
..#### ##......##############[
.....# #....#................
..##.#######........##...########
..##.............#######.....####
..###.....#####..z.### #####.....
####...)...###..@#...### #####.
#....>......#####...##########
#.......###########...........
##...)........................
#.......######################
#.......# #.......# ##.....##
##...##


You could see a wight.

Vanquished Creatures
  Edmund (D:5)
  2 black bears
  An ice beast (D:6)
  An ogre (D:6)
  A centaur (D:6)
  A phantom (D:4)
  A bullfrog (D:6)
  A scorpion (D:5)
  2 jellies (D:6)
  A centaur zombie (Ossuary)
  6 hounds
  2 orc priests (D:4)
  A gnoll shaman (D:5)
  Jessica (D:3)
  3 iguanas
  An orc wizard (D:4)
  Natasha (thrice) (D:3)
  5 mummies (Ossuary)
  6 adders
  A gnoll (D:6)
  A white imp (D:4)
  2 ufetubi (D:4)
  A worm (D:2)
  2 dart slugs (D:1)
  12 orcs
  11 bats
  4 endoplasms
  A giant cockroach (D:3)
  4 goblins
  6 hobgoblins
  8 jackals
  2 quokkas (D:5)
  4 ball pythons
  4 hobgoblin zombies (Ossuary)
  3 kobolds
  6 rats
112 creatures vanquished.

Vanquished Creatures (others)
  A plant (D:3)
1 creature vanquished.

Grand Total: 113 creatures vanquished

Notes
Turn   | Place    | Note
-------+----------+-------------------------------------------
     0 | D:1      | vineage the Gargoyle Fighter began the quest for the Orb.
     0 | D:1      | Reached XP level 1. HP: 14/14 MP: 1/1
   181 | D:1      | Reached XP level 2. HP: 16/19 MP: 2/2
   424 | D:1      | You fall into a shaft and drop 1 floor!
   877 | D:2      | Reached XP level 3. HP: 15/24 MP: 3/3
  1030 | D:2      | Reached skill level 4 in Fighting
  1668 | D:2      | Reached XP level 4. HP: 28/29 MP: 4/4
  1695 | D:2      | Found Byboerom's Magic Scroll Shop.
  1819 | D:3      | Found a faded altar of an unknown god.
  2008 | D:3      | Noticed Jessica
  2015 | D:3      | Killed Jessica
  2233 | D:3      | Noticed Natasha
  2251 | D:3      | Killed Natasha
  2252 | D:3      | Reached XP level 5. HP: 34/34 MP: 5/5
  2324 | D:3      | Noticed Natasha
  2333 | D:3      | Killed Natasha
  2459 | D:3      | Noticed Natasha
  2466 | D:3      | Killed Natasha
  2467 | D:3      | Reached skill level 5 in Fighting
  2957 | D:4      | Noticed a phantom
  2973 | D:4      | Killed a phantom
  2974 | D:4      | Reached XP level 6. HP: 32/40 MP: 6/6
  3133 | D:4      | Found a staircase to the Ecumenical Temple.
  3149 | Temple   | Entered the Ecumenical Temple
  3234 | Temple   | Became a worshipper of Warmaster Okawaru
  3431 | D:4      | Found a blossoming altar of Fedhas.
  3437 | D:4      | Found a shimmering altar of Xom.
  3440 | D:4      | Found a hide-covered altar of Uskayaw.
  3440 | D:4      | Found an opulent altar of Gozag.
  3447 | D:4      | Found a sacrificial altar of Ru.
  4054 | D:4      | Reached XP level 7. HP: 8/45 MP: 7/7
  4880 | D:5      | Entered Level 5 of the Dungeon
  4924 | D:5      | Reached skill level 6 in Fighting
  4936 | D:5      | Found a sand-covered staircase.
  4942 | Ossuary  | Entered an ossuary
  4954 | Ossuary  | Reached skill level 5 in Shields
  4960 | Ossuary  | Reached skill level 5 in Armour
  5439 | D:5      | Found a white marble altar of Elyvilon.
  5463 | D:5      | Reached * piety under Okawaru
  5998 | D:5      | Noticed Edmund
  6006 | D:5      | Killed Edmund
  6007 | D:5      | Reached XP level 8. HP: 47/52 MP: 5/8
  6120 | D:5      | Reached skill level 7 in Fighting
  6597 | D:6      | Found Erpha's Jewellery Emporium.
  6621 | D:6      | Found a glowing golden altar of the Shining One.
  6740 | D:6      | Reached ** piety under Okawaru
  7044 | D:6      | Reached skill level 8 in Fighting
  7044 | D:6      | Reached skill level 5 in Maces & Flails
  7193 | D:6      | Found a sparkling altar of Nemelex Xobeh.
  7446 | D:7      | Noticed Maggie
  7457 | D:6      | Slain by a wight

Illustrated notes

Levels and vault maps discovered:
D:1:      saegor_arrival_miasma, layout_rooms, minmay_misc_feat_diagonals
D:2:      minmay_alternating_diamond, layout_basic, serial_shops, shop,
          serial_glass, glass_columns_b, glass_columns_b, glass_columns_a,
          glass_columns_c
D:3:      layout_rooms, basic_ecumenical_altar,
          amcnicky_mini_rare_corridor_liquid, saegor_snake_ambush, uniq_natasha,
          uniq_jessica
D:4:      layout_loops_corners, nicolae_overflow_hallway_of_the_gods,
          minmay_temple_entry_junction
D:5:      layout_basic, nicolae_elyvilon_peaceful_grove,
          nicolae_ossuary_entry_monument, st_stairs_8, uniq_edmund
D:6:      layout_rooms, mainiacjoe_overflow_paths,
          mainiacjoe_overflow_small_starburst, serial_shops, shop
D:7:      lemuel_ratsnest, layout_cave_pools, tgw_trog,
          mainiacjoe_overflow_large_starburst, uniq_duvessa, uniq_maggie
Temple:   zaba_magenta_temple

Skill      XL: |  1  2  3  4  5  6  7  8 |
---------------+-------------------------+-----
Fighting       | 4 5 6 8 |  8.2
Armour         | 4 5 6 |  6.2
Shields        | 4 5 6 |  6.2
Maces & Flails | 3 4 5 |  5.1

Action                   |  1- 3 |  4- 6 |  7- 9 || total
-------------------------+-------+-------+-------++-------
Melee: Flail             |    95 |   227 |   224 ||   546
Invok: Heroism           |       |       |     1 ||     1
  Use: Scroll            |     4 |     6 |     6 ||    16
       Potion            |       |     1 |       ||     1
Armor: Scale mail        |    60 |   162 |   139 ||   361
Dodge: Dodged            |    55 |   134 |   101 ||   290
Block: Buckler           |    24 |    68 |    57 ||   149

Table legend: (Time is in decaauts)
 A = Elapsed time spent in this place.
 B = Non-inter-level travel time spent in this place.
 C = Inter-level travel time spent in this place.
 D = Time resting spent in this place.
 E = Time spent auto-exploring this place.
 F = Levels seen in this place.
 G = Mean time per level.
                   A        B        C        D        E       F      G
               +--------+--------+--------+--------+--------+-----+--------+
         Total |   7624 |   7397 |    227 |   1455 |   4776 |   9 |  847.1 |
       Dungeon |   7028 |   6844 |    184 |   1179 |   4582 |   7 | 1004.0 |
        Temple |     98 |     55 |     43 |      0 |     50 |   1 |   98.0 |
       Ossuary |    497 |    497 |      0 |    276 |    144 |   1 |  497.0 |
               +--------+--------+--------+--------+--------+-----+--------+

Top non-repeatable levels by time:
     D:4: 1921 daAuts
     D:2: 1153 daAuts
     D:3: 1128 daAuts
     D:6: 1084 daAuts
     D:5: 1017 daAuts
     D:1: 697 daAuts
 Ossuary: 497 daAuts
  Temple: 98 daAuts
     D:7: 27 daAuts
